 Dungeon Crawl Stone Soup version 0.31-a0-210-gccc998df9b (webtiles) character file.

Game seed: 8198248202560260125

497 qw the Shooter (level 7, 0/43 HPs)
             Began as a Gargoyle Hexslinger on June 29, 2023.
             Slain by an elephant (12 damage)
             ... on level 8 of the Dungeon.
             The game lasted 00:01:14 (3078 turns).

qw the Shooter (Gargoyle Hexslinger)                Turns: 3078, Time: 00:01:15

Health: 0/43       AC: 10    Str: 12    XL:     7   Next: 15%
Magic:  8/8        EV: 11    Int: 13    God:
Gold:   258        SH:  0    Dex: 20    Spells: 7/8 levels left

rFire   . . .        Y - +3 sling (flame)
rCold   . . .        (no shield)
rNeg    + . .        e - +0 ring mail
rPois   inf          (no helmet)
rElec   +            (no cloak)
rCorr   .            (no gloves)
SInv    .            (no boots)
Will    .....        (no amulet)
Stlth   +            d - +6 ring of dexterity
HPRegen 0.27/turn    (no ring)
MPRegen 0.11/turn

%: no passive effects
@: no status effects
A: sickness immunity, AC +4, negative energy resistance 1, electricity
resistance, torment resistance 1, petrification resistance
a: no special abilities


You were on level 8 of the Dungeon.
You visited 1 branch of the dungeon, and saw 6 of its levels.

You collected 258 gold pieces.


Innate Abilities, Weirdness & Mutations

You are immune to sickness and miasma.
Your stone body is resilient. (AC +4)
You are immune to poison.
You resist negative energy. (rN+)
You are resistant to electric shocks. (rElec)
You are resistant to unholy torment.
You are immune to petrification.


   Skills:
 - Level 4.0 Fighting
 + Level 6.4 Ranged Weapons
 - Level 1.3 Armour
 - Level 1.5 Dodging
 - Level 1.0 Spellcasting
 - Level 2.6 Hexes


You had 7 spell levels left.
You knew the following spells:

 Your Spells              Type           Power      Damage    Failure   Level
a - Slow                  Hex            28%        N/A       21%         1

Your spell library contained the following spells:

 Spells                   Type           Power      Damage    Failure   Level
 Inner Flame              Hex/Fire       4%         N/A       71%         3
 Portal Projectile        Hex/Tloc       8%         N/A       71%         3
 Cause Fear               Hex            3%         N/A       90%         4

Inventory:

Hand Weapons
 Y - a +3 sling of flaming (weapon)
Armour
 e - a +0 ring mail (worn)
Jewellery
 b - a ring of wizardry
 d - a +6 ring of dexterity (left hand)
Scrolls
 a - 2 scrolls of teleportation
Potions
 c - a potion of invisibility {unknown}
 f - a potion of resistance {unknown}
 g - a potion of might {unknown}
 h - a potion of heal wounds {unknown}
 i - a potion of degeneration {unknown}

Dungeon Overview and Level Annotations

Branches:
Dungeon (5/15)               Lair (0/5) D:8
 Temple: D:4-7

Altars:
Ashenzari
Fedhas
Kikubaaqudgha
Vehumet
Yredelemnul

Shops:
D:1 [


Message History

The sling bullet barely misses the elephant.
You shoot a sling bullet. The sling bullet hits the wyvern.
The sling bullet burns the wyvern.
The wyvern is lightly wounded.
You shoot a sling bullet.
The sling bullet closely misses the wyvern.
The wyvern bites you!
You shoot a sling bullet. The sling bullet hits the wyvern.
The sling bullet burns the wyvern.
The wyvern is heavily wounded.
The wyvern closely misses you. The wyvern barely misses you.
You shoot a sling bullet.
The sling bullet closely misses the wyvern.
The wyvern bites you but does no damage.
The elephant barely misses you.
The elephant trunk-slaps you but does no damage.
The wyvern hisses menacingly.
The wyvern barely misses you.
You shoot a sling bullet.
The sling bullet completely misses the wyvern.
The wyvern bites you but does no damage.
The elephant tramples you but does no damage.
The elephant trunk-slaps you but does no damage.
The wyvern misses you. The elephant barely misses you.
The elephant trunk-slaps you.
You shoot a sling bullet.
The sling bullet hits the wyvern but does no damage.
The wyvern is heavily wounded.
The wyvern closely misses you.
The elephant tramples you but does no damage.
The elephant misses you. The black bear bites you. The black bear claws you.
The black bear barely misses you.
You shoot a sling bullet.
The sling bullet barely misses the wyvern.
The sling bullet hits the basilisk but does no damage.
The basilisk is lightly wounded.
The wyvern closely misses you. The wyvern bites you.
The black bear barely misses you. The black bear claws you. x2
The elephant tramples you!
You die...

......(.#......
...........P...
#........ยค..>
#.....^P.l..
#....# #....#
#.l..####...
##l..........
#@Y...#######
##h...# #....#
##...##
#######...###
............#
............#
............#
............#


You could see an elephant, a basilisk, a black bear and a wyvern.

Vanquished Creatures
  An ogre (D:4)
  2 orc priests
  A hound (D:5)
  2 orc wizards
  Jessica (D:2)
  An iguana (D:4)
  9 gnolls
  3 adders
  A shadow imp (D:4)
  3 worms
  A dart slug (D:2)
  8 orcs
  4 endoplasms
  2 giant cockroaches
  5 goblins
  10 hobgoblins
  4 quokkas (D:1)
  7 ball pythons
  6 bats
  10 kobolds
  8 rats
89 creatures vanquished.

Notes
Turn   | Place    | Note
-------+----------+-------------------------------------------
     0 | D:1      | qw the Gargoyle Hexslinger began the quest for the Orb.
     0 | D:1      | Reached XP level 1. HP: 12/12 MP: 2/2
     0 | D:1      | 0 ||| qw: Version: 0.3-a-24-ga2abf7b
     0 | D:1      | 0 ||| qw: Game counter: 6846
     0 | D:1      | 0 ||| qw: Melee chars always use a shield: true
     0 | D:1      | 0 ||| qw: God list: Okawaru
     0 | D:1      | 0 ||| qw: Allow faded altars: false
     0 | D:1      | 0 ||| qw: Do Orc after clearing Dungeon:15 true
     0 | D:1      | 0 ||| qw: Do second Lair branch before Depths: true
     0 | D:1      | 0 ||| qw: Lair rune preference: random
     0 | D:1      | 0 ||| qw: Goals: Normal
     0 | D:1      | 0 ||| PLANNING D:1-11
   175 | D:1      | Reached XP level 2. HP: 16/16 MP: 3/3
   348 | D:1      | Reached skill level 3 in Ranged Weapons
   370 | D:1      | Found Gisos's Antique Armour Shop.
   377 | D:1      | 377 ||| SHOPLISTING helmet (103 gold, have 7).
   377 | D:1      | 377 ||| SHOPLISTING pair of boots (103 gold, have 7).
   585 | D:1      | Reached XP level 3. HP: 21/21 MP: 4/4
   954 | D:1      | 954 ||| UPGRADING to +0 ring mail.
   964 | D:1      | 964 ||| DROPPING +0 robe.
   965 | D:1      | 965 ||| READING scroll labelled VYSKAK CONGEI.
   966 | D:1      | 966 ||| READING 2 scrolls labelled UJE RA OFU.
  1067 | D:1      | 1067 ||| READING scroll labelled DAICOM VOFAUPN.
  1068 | D:1      | 1068 ||| READING scroll labelled MUEFORY XUZEZE.
  1069 | D:1      | 1069 ||| DROPPING scroll of poison.
  1070 | D:1      | 1070 ||| DROPPING scroll of silence.
  1141 | D:2      | 1141 ||| SWAPPING to +2 sling of flaming.
  1142 | D:2      | 1142 ||| DROPPING +1 sling.
  1234 | D:2      | Noticed Jessica
  1239 | D:2      | Killed Jessica
  1240 | D:2      | Reached XP level 4. HP: 26/26 MP: 5/5
  1263 | D:2      | Reached skill level 4 in Ranged Weapons
  1273 | D:2      | Reached skill level 1 in Armour
  1560 | D:2      | Reached XP level 5. HP: 30/30 MP: 6/6
  1893 | D:3      | Reached skill level 5 in Ranged Weapons
  1971 | D:3      | Reached skill level 3 in Fighting
  2373 | D:3      | 2373 ||| UPGRADING to +6 ring of dexterity.
  2374 | D:3      | 2374 ||| READING scroll labelled ZOEL JIUHUM.
  2378 | D:3      | 2378 ||| READING scroll labelled UMAITAEBIG.
  2379 | D:3      | 2379 ||| READING scroll labelled VORYRI JEODEGOST.
  2380 | D:3      | 2380 ||| READING scroll labelled ZYEL CEEQAING.
  2381 | D:3      | 2381 ||| DRINKING 2 glowing pink potions.
  2438 | D:4      | Reached XP level 6. HP: 35/37 MP: 7/7
  2497 | D:4      | Reached skill level 6 in Ranged Weapons
  2840 | D:4      | Found a broken altar of Ashenzari.
  2840 | D:4      | Found a basalt altar of Yredelemnul.
  2841 | D:4      | Found an ancient bone altar of Kikubaaqudgha.
  2842 | D:4      | Found a radiant altar of Vehumet.
  2842 | D:4      | Found a blossoming altar of Fedhas.
  2892 | D:5      | Entered Level 5 of the Dungeon
  2897 | D:5      | Reached XP level 7. HP: 43/43 MP: 8/8
  2908 | D:5      | 2908 ||| DRINKING potion of curing.
  2908 | D:5      | 2908 ||| (to cure confusion)
  3042 | D:5      | You fall into a shaft and drop 3 floors!
  3064 | D:8      | Found a staircase to the Lair.
  3064 | D:8      | Noticed a basilisk
  3064 | D:8      | Noticed an elephant
  3065 | D:8      | Noticed a wyvern
  3078 | D:8      | Slain by an elephant

Levels and vault maps discovered:
D:1:      dpeg_arrival_orchard, layout_loops_corners, serial_shops,
          nicolae_shop_competitors_out_of_business, due_unseen_surprise
D:2:      layout_basic, uniq_jessica
D:3:      layout_loops_ring
D:4:      layout_basic, grunt_temple_overflow_open
D:5:      layout_basic, serial_shops, shop, nrook_uturn,
          kennysheep_big_empty_room, minmay_crossroads, uniq_prince_ribbit1
D:8:      layout_cave_pools, david_lair_generic, minmay_small_thing

Skill      XL: |  1  2  3  4  5  6 |
---------------+-------------------+-----
Ranged Weapons | 3 4 5 6 |  6.4
Fighting       | 2 3 4 |  4.0
Armour         | 1 |  1.3
Dodging        | |  1.5
Spellcasting   | |  1.0
Hexes          | |  2.6

Action                     |  1- 3 |  4- 6 |  7- 9 || total
---------------------------+-------+-------+-------++-------
   Fire: Sling             |    71 |   183 |    37 ||   291
    Use: Scroll            |     4 |     4 |       ||     8
         Potion            |       |     1 |     1 ||     2
 Armour: Robe              |     4 |       |       ||     4
         Ring mail         |     1 |    35 |    21 ||    57
  Dodge: Dodged            |    15 |    28 |    19 ||    62

Table legend:
 A = Non-vault XP
 B = Vault XP
 C = Vault XP percentage of total XP
 D = Non-vault monster count
 E = Vault monster count
 F = Vault count percentage of total count
                 A         B        C        D         E       F
            +---------+---------+-------+---------+---------+-------
      Total |     618 |      92 |  13.0 |      85 |       4 |   4.5
            +---------+---------+-------+---------+---------+-------
        D:1 |      42 |       0 |   0.0 |      26 |       0 |   0.0
        D:2 |      92 |      37 |  28.7 |      21 |       1 |   4.5
        D:3 |     142 |       0 |   0.0 |      19 |       0 |   0.0
        D:4 |     297 |       0 |   0.0 |      17 |       0 |   0.0
        D:5 |      45 |      55 |  55.0 |       2 |       3 |  60.0
            +---------+---------+-------+---------+---------+-------
